 Dungeon Crawl Stone Soup version 0.28.0 (console) character file.

Game seed: 13591347934238082226

42 ifreund the Grasshopper (level 3, -6/31 HPs)
             Began as a Gnoll Warper on Feb 8, 2022.
             Killed by nerve-wracking pain
             ... invoked by Jessica
              (8 damage)
             ... on level 2 of the Dungeon.
             The game lasted 00:06:51 (1376 turns).

ifreund the Grasshopper (Gnoll Warper)              Turns: 1376, Time: 00:06:51

Health: -6/31      AC:  4    Str: 12    XL:     3   Next: 56%
Magic:  9/9        EV: 12    Int: 12    God:
Gold:   27         SH:  0    Dex: 11    Spells: 12/12 levels left

rFire   . . .      SeeInvis .   a - +0 mace
rCold   . . .      Faith    .   (no shield)
rNeg    . . .      Spirit   .   b - +0 leather armour
rPois   .          Reflect  .   (no helmet)
rElec   .          Harm     .   i - +0 cloak
rCorr   .          Rampage  .   (no gloves)
Will    .....                   (no boots)
Stlth   +.........              (no amulet)
HPRegen 0.10/turn               (no ring)
MPRegen 0.11/turn               (no ring)

@: no status effects
A: fangs 1, strong nose, distributed training
a: no special abilities


You were on level 2 of the Dungeon.
You visited 1 branch of the dungeon, and saw 2 of its levels.

You collected 27 gold pieces.

Inventory:

Hand Weapons
 a - a +0 mace (weapon)
Missiles
 d - 4 boomerangs of dispersal (quivered)
 f - 44 arrows
 m - 18 bolts
 n - 4 boomerangs
Armour
 b - a +0 leather armour (worn)
 i - a +0 cloak (worn)
Scrolls
 c - a scroll of blinking
 g - a scroll of teleportation {unknown}
 h - a scroll of enchant weapon {unknown}
 j - a scroll of silence {unknown}
Potions
 e - a potion of might {unknown}
 k - a potion of mutation {unknown}
 l - a potion of attraction {unknown}


   Skills:
 + Level 4.5 Fighting
 + Level 0.8 Short Blades
 + Level 0.8 Long Blades
 + Level 0.8 Axes
 + Level 4.5 Maces & Flails
 + Level 0.8 Polearms
 + Level 0.8 Staves
 + Level 0.8 Slings
 + Level 0.8 Bows
 + Level 0.8 Crossbows
 + Level 2.6 Throwing
 + Level 2.6 Armour
 + Level 4.5 Dodging
 + Level 0.8 Stealth
 + Level 0.8 Shields
 + Level 0.8 Unarmed Combat
 + Level 5.0 Spellcasting
 + Level 0.5 Conjurations
 + Level 0.5 Hexes
 + Level 0.5 Summonings
 + Level 0.5 Necromancy
 + Level 5.4 Translocations
 + Level 0.5 Transmutations
 + Level 0.5 Fire Magic
 + Level 0.5 Ice Magic
 + Level 0.5 Air Magic
 + Level 0.5 Earth Magic
 + Level 0.5 Poison Magic
 + Level 1.0 Invocations
 + Level 0.8 Evocations


You had 12 spell levels left.
You didn't know any spells.
Your spell library contained the following spells:

 Spells                   Type           Power      Damage    Failure   Level
 Blink                    Tloc           32%        N/A       4%          2
 Gell's Gravitas          Tloc           16%        N/A       9%          3
 Lesser Beckoning         Tloc           16%        N/A       9%          3
 Teleport Other           Tloc           16%        N/A       9%          3
 Manifold Assault         Tloc           16%        N/A       58%         5


Dungeon Overview and Level Annotations

Branches:
Dungeon (2/15)

Altars:
Beogh

Annotations:
D:2 Jessica


Innate Abilities, Weirdness & Mutations

You have very sharp teeth.
Your uncanny sense of smell can sniff out nearby items.
Your experience applies equally to all skills.


Message History

Jessica casts a spell.
Jessica blinks!
Jessica moves out of view.
No target in view!
No target in view!
Jessica is nearby!
Jessica hits you with a +0 dagger.
A rat comes into view.
You barely miss Jessica. Jessica hits you but does no damage.
Jessica hits you with a +0 dagger.
You hit Jessica but do no damage. Jessica hits you but does no damage.
You hit Jessica.
Jessica is moderately wounded.
Jessica says, "Why did you come here?"
Jessica casts a spell.
Jessica seems to speed up.
You barely miss Jessica. Your punch misses Jessica.
Jessica is moderately wounded.
Jessica casts a spell at you. Pain shoots through your body!
Jessica hits you with a +0 dagger.
* * * LOW HITPOINT WARNING * * *
You are too injured to fight recklessly!
You barely miss Jessica.
Jessica is moderately wounded.
Jessica barely misses you.
You completely miss Jessica.
Jessica is moderately wounded.
Jessica hits you with a +0 dagger.
* * * LOW HITPOINT WARNING * * *
Jessica hits you with a +0 dagger.
* * * LOW HITPOINT WARNING * * *
Blink to where?
Press: ? - help, Dir - move target
As you read the scroll of blinking, it crumbles to dust.
Throw: 5 boomerangs (disperse)
Press: ? - help, Q - select action, (/) - cycle Shift-Dir - straight line, f - Jessica
Aim: Jessica, wielding a +0 dagger and wearing a +0 robe (moderately wounded, fast, 59% to hit)
You throw a boomerang of dispersal.
The boomerang of dispersal closely misses Jessica.
Jessica points at you and mumbles some strange words.
Pain shoots through your body!
You die...

. #......# ...
#.####.# ....#. #.#
#.#
......###ยง####.#
@.......r......#
.....#.##..##..# #..
#.##@.##..# #
#.##..##..# #
#.##..(...######.###
#.##.###@.........<#
#.......@..#####.#.#
#..........# # #.#
###..#####.# ..#
####...#####.# ..#
+............. ....
####...######## ...#
##..# ##.## ##.#
##.## #...# #...#


You could see Jessica (fast).

Vanquished Creatures
  3 dart slugs (D:1)
  4 ball pythons
  3 bats
  7 endoplasms (D:1)
  A giant cockroach (D:1)
  2 goblins (D:1)
  A hobgoblin (D:1)
  3 jackals (D:2)
  3 kobolds (D:1)
  4 quokkas
31 creatures vanquished.

Notes
Turn   | Place    | Note
-------+----------+-------------------------------------------
     0 | D:1      | ifreund the Gnoll Warper began the quest for the Orb.
     0 | D:1      | Reached XP level 1. HP: 20/20 MP: 6/6
    48 | D:1      | Reached XP level 2. HP: 20/26 MP: 7/7
   484 | D:1      | Reached XP level 3. HP: 25/31 MP: 9/9
   496 | D:1      | Reached skill level 5 in Spellcasting
   543 | D:1      | Found a faded altar of an unknown god.
  1220 | D:2      | Reached skill level 1 in Invocations
  1354 | D:2      | Noticed Jessica
  1371 | D:2      | HP: 1/31 [Jessica (2)]
  1376 | D:2      | Killed from afar by Jessica

Illustrated notes

Levels and vault maps discovered:
D:1:      lightli_arrival_boilingwater, layout_loops_ring,
          hellmonk_ecumenical_altar_defaced_shrine, minmay_tetromino_l2
D:2:      layout_loops_corners, glass_columns_a, minmay_split_cup_small,
          uniq_jessica

Skill      XL: |  1  2  3 |
---------------+----------+-----
Spellcasting   | 5 |  5.0
Invocations    | 1 |  1.0
Fighting       | |  4.5
Short Blades   | |  0.8
Long Blades    | |  0.8
Axes           | |  0.8
Maces & Flails | |  4.5
Polearms       | |  0.8
Staves         | |  0.8
Slings         | |  0.8
Bows           | |  0.8
Crossbows      | |  0.8
Throwing       | |  2.6
Armour         | |  2.6
Dodging        | |  4.5
Stealth        | |  0.8
Shields        | |  0.8
Unarmed Combat | |  0.8
Conjurations   | |  0.5
Hexes          | |  0.5
Summonings     | |  0.5
Necromancy     | |  0.5
Translocations | |  5.4
Transmutations | |  0.5
Fire Magic     | |  0.5
Ice Magic      | |  0.5
Air Magic      | |  0.5
Earth Magic    | |  0.5
Poison Magic   | |  0.5
Evocations     | |  0.8

Action                   || total
-------------------------++-------
Melee: Mace              ||    89
       Punch             ||     2
       Bite              ||     7
Throw: Boomerang         ||     1
  Use: Scroll            ||     1
Armor: Leather armour    ||    32
Dodge: Dodged            ||    41
